Map: Ruins of Seras

Players

State - Winner!

  • Race: Protoss Protoss
  • League: Master

EJK

  • Race: Terran Terran
  • League: Master

VOD

Have the link to the VOD?

Description

Time

  • Played on: Feb. 1, 2016, 7:19 p.m.
  • Length: 8:19
Show
View Real Time Build Order
Export as new Build Order

State Protoss - Winner!

Build Orders: 1 Gate Expand, Oracle Opening 

Get SALT Encoding   

  12  0:00  Probe (Chrono Boost)  
  13  0:11  Probe (Chrono Boost)  
  14  0:18  Pylon  
  14  0:23  Probe (Chrono Boost)  
  15  0:36  Probe (Chrono Boost)  
  15  0:38  Gateway  
  16  0:45  Assimilator  
  16  0:48  Probe (Chrono Boost)  
  17  0:58  Probe (Chrono Boost)  
  18  1:09  Probe (Chrono Boost)  
  19  1:26  Nexus  
  19  1:28  Probe (Chrono Boost)  
  20  1:39  Cybernetics Core  
  20  1:43  Probe (Chrono Boost)  
  21  1:49  Assimilator  
  21  1:53  Probe (Chrono Boost)  
  22  1:58  Pylon  
  22  2:04  Probe (Chrono Boost)  
  23  2:16  Probe (Chrono Boost)  
  23  2:19  Adept, Warp Gate  
  26  2:27  Mothership Core (Chrono Boost)  
  28  2:38  Probe (Chrono Boost)  
  29  2:45  Probe (Chrono Boost)  
  29  2:49  Probe (Chrono Boost)  
  30  2:52  Stargate  
  30  2:54  Adept  
  30  2:56  Probe (Chrono Boost)  
  33  2:59  Probe (Chrono Boost)  
  33  3:02  Assimilator  
  33  3:04  Assimilator  
  34  3:06  Probe (Chrono Boost)  
  34  3:10  Probe (Chrono Boost)  
  36  3:17  Probe (Chrono Boost)  
  37  3:20  Probe (Chrono Boost)  
  38  3:27  Probe (Chrono Boost)  
  38  3:30  Probe (Chrono Boost)  
  40  3:36  Oracle (Chrono Boost)  
  40  3:38  Probe  
  40  3:40  Probe  
  45  3:50  Pylon, Probe  
  46  3:56  Pylon  
  46  4:02  Stargate  
  46  4:05  Fleet Beacon  
  46  4:10  Probe x2 (Chrono Boost)  
  46  4:12  Pylon  
  50  4:21  Probe (Chrono Boost)  
  51  4:25  Probe (Chrono Boost)  
  52  4:32  Probe (Chrono Boost)  
  52  4:34  Protoss Air Weapons Level 1  
  52  4:35  Probe (Chrono Boost)  
  52  4:42  Probe (Chrono Boost)  
  53  4:46  Probe (Chrono Boost)  
  53  4:50  Tempest (Chrono Boost)  
  53  4:52  Tempest (Chrono Boost)  
  62  5:02  Gateway  
  62  5:03  Gateway  
  62  5:09  Twilight Council  
  62  5:16  Pylon  
  62  5:20  Pylon  
  66  5:29  Tempest (Chrono Boost)  
  66  5:42  Tempest (Chrono Boost)  
  70  5:48  Gateway x2  
  70  5:49  Pylon  
  70  6:03  Nexus  
  70  6:05  Nexus  
  70  6:07  Pylon  
  73  6:20  Adept x3  
  75  6:27  Probe x2  
  75  6:32  Tempest (Chrono Boost)  
  81  6:35  Tempest (Chrono Boost)  
  85  6:45  Adept x5  
  95  7:07  Nexus  
  95  7:08  Pylon  
  95  7:12  Tempest (Chrono Boost)  
  95  7:27  Tempest (Chrono Boost)  
  97  7:38  Adept x4  
Show
View Real Time Build Order
Export as new Build Order

EJK Terran 

Build Orders: Cyclone Opening 

Get SALT Encoding   

  12  0:00  SCV  
  13  0:13  SCV  
  14  0:18  Supply Depot  
  14  0:25  SCV  
  15  0:30  Refinery  
  15  0:40  SCV  
  16  0:46  Barracks  
  16  0:52  SCV  
  18  1:04  SCV  
  18  1:16  SCV  
  19  1:33  Orbital Command, Factory, Marine  
  20  1:58  Command Center  
  20  2:04  SCV  
  21  2:10  Supply Depot  
  21  2:18  SCV, Factory Tech Lab  
  21  2:21  Marine  
  23  2:32  SCV  
  23  2:35  Refinery  
  24  2:38  Marine  
  24  2:41  Cyclone  
  28  2:49  SCV  
  28  2:50  Supply Depot  
  29  2:56  Marine  
  30  3:01  SCV  
  31  3:10  Orbital Command  
  31  3:13  SCV  
  31  3:16  Cyclone  
  35  3:21  Marine  
  36  3:38  SCV  
  36  3:39  SCV  
  38  3:46  Command Center  
  38  3:49  Marine  
  38  3:51  SCV x2  
  38  3:55  Siege Tank  
  44  4:03  SCV x2  
  44  4:09  Supply Depot, Reaper  
  47  4:15  SCV x2  
  45  4:27  SCV  
  45  4:35  Siege Tank  
  48  4:39  Factory, SCV x2  
  50  4:51  Barracks Reactor  
  50  4:53  SCV x2  
  52  5:08  Orbital Command  
  52  5:13  SCV x2  
  57  5:15  Refinery  
  57  5:16  Engineering Bay  
  57  5:17  Refinery  
  57  5:25  SCV x2  
  59  5:34  Cyclone, Marine, Factory Tech Lab  
  59  5:37  SCV  
  59  5:38  SCV  
  59  5:39  SCV  
  62  5:44  Missile Turret  
  62  5:46  Missile Turret  
  62  5:48  Missile Turret  
  62  5:49  Marine  
  64  5:51  Mag-Field Accelerator  
  64  5:52  Marine  
  62  5:57  Cyclone  
  62  6:06  Cyclone  
  62  6:07  Marine  
  62  6:09  Marine  
  62  6:10  SCV  
  62  6:11  SCV x2  
  65  6:23  SCV x2  
  65  6:26  Marine  
  65  6:27  Marine  
  65  6:29  Cyclone  
  65  6:31  SCV  
  69  6:43  SCV x2  
  69  6:44  Marine  
  69  6:45  Marine  
  73  6:49  SCV  
  74  6:54  Cyclone  
  74  6:55  SCV  
  74  6:56  SCV  
  75  7:01  SCV  
  72  7:14  SCV x3  
  73  7:16  Cyclone  
  62  7:32  Cyclone, Marine x2  
  62  7:33  SCV x2  
  62  7:34  SCV  
  62  7:56  Marine  
  62  7:57  Marine  
Tags
 
Add a new tag
Caveats
  • Supply blocks, unpowered buildings, or Contaminate may cause inaccurate times.
  • Supply counts are checked every 10 seconds.